 Dungeon Crawl Stone Soup version 0.21.1-1-g345015f (webtiles) character file.

353 wilfster70 the Chopper (level 6, -6/56 HPs)
             Began as a Hill Orc Monk on July 6, 2018.
             Was a Follower of Beogh.
             Killed by divine providence
             ... invoked by an orc priest
              (10 damage)
             ... on level 4 of the Dungeon.
             The game lasted 00:11:01 (3763 turns).

wilfster70 the Chopper (Hill Orc Monk)              Turns: 3763, Time: 00:11:02

Health: -6/56      AC:  7    Str: 16    XL:     6   Next: 62%
Magic:  2/6        EV:  7    Int: 10    God:    Beogh [*.....]
Gold:   113        SH: 13    Dex: 13    Spells: 5/5 levels left

rFire    . . .     SeeInvis .   a - +0 hand axe
rCold    . . .     Gourm    .   p - +0 large shield
rNeg     . . .     Faith    .   r - +0 ring mail
rPois    .         Spirit   .   B - +0 helmet
rElec    .         Reflect  .   (no cloak)
rCorr    .         Harm     .   (no gloves)
MR       +....                  s - +0 pair of boots
Stlth    +.........             (no amulet)
HPRegen  0.18/turn              f - ring of protection from magic
MPRegen  0.10/turn              w - ring of wizardry

@: no status effects
A: no striking features
a: Renounce Religion


You were on level 4 of the Dungeon.
You worshipped Beogh.
Beogh was aware of your devotion.
You were not hungry.

You visited 1 branch of the dungeon, and saw 4 of its levels.

You collected 113 gold pieces.

Inventory:

Hand Weapons
 a - a +0 hand axe (weapon)
 b - a +0 hunting sling
Missiles
 l - 147 stones (quivered)
Armour
 p - a +0 large shield (worn)
 r - a +0 ring mail (worn)
 s - a +0 pair of boots (worn)
 B - a +0 helmet (worn)
Jewellery
 f - a ring of protection from magic (left hand)
 w - a ring of wizardry (right hand)
Scrolls
 d - a scroll of remove curse
 e - a scroll of magic mapping
 h - a scroll of teleportation
 i - a scroll of enchant weapon {unknown}
 k - 2 scrolls of fear {unknown}
 q - a scroll of identify
 u - a scroll of random uselessness {unknown}
 v - a scroll of immolation {unknown}
Potions
 j - a potion of degeneration {unknown}
 m - a potion of curing {unknown}
 n - a potion of agility {unknown}
 o - 2 potions of brilliance
 x - 2 potions of mutation
 z - a potion of berserk rage
Books
 y - a book of Changes

   Spells                             Type                      Level
   a - Beastly Appendage              Transmutation                1
   b - Sticks to Snakes               Transmutation                2
   c - Spider Form                    Transmutation/Poison         3
   d - Ice Form                       Ice/Transmutation            4
   e - Blade Hands                    Transmutation                5
Comestibles
 c - 5 rations


   Skills:
 + Level 5.3 Fighting
 * Level 7.6 Axes
 - Level 2.4 Dodging
 - Level 1.5 Stealth
 + Level 2.8 Shields


You had 5 spell levels left.
You didn't know any spells.

Dungeon Overview and Level Annotations

Branches:
Dungeon (4/15)
 Temple: D:4-7

Altars:


Message History

Beogh smites you!
* * * LOW HITPOINT WARNING * * *
The orc wizard hits you but does no damage.
You slash the orc wizard!
You kill the orc wizard!
Beogh accepts your kill.
The orc priest looks encouraged for a moment.
You feel much better. You block the iguana's attack.
You block the iguana's attack.
The orc priest miscasts a cantrip.
The orc priest invokes the aid of Beogh against you.
Beogh smites you!
* * * LOW HITPOINT WARNING * * *
The orc priest mumbles some strange prayers to Beogh against you.
Beogh smites you!
* * * LOW HITPOINT WARNING * * *
The orc priest invokes the aid of Beogh against you.
Beogh smites you!
You die...
Beogh appreciates the orc priest's killing of a heretic priest.

*,* *,,,,,* *,** #.# ****,** *,*
#.# *,* *,* #.# **+** *,* #.#
**,,,** *,** * ##.# **,,,,,**
*,,, #### #..## **,,,,,,,******
...#########...####,,,,,,,,,****,
.)..).....o...l.@.+,,,,,,,,,+,,,,
...#########...####,,,,,,,,,****,
#### #.....# **,,,,,,,***,,, *
#.###.# **,,,,,** *,** * #.* #.#
**,,,** *,** * #,**#.# **+** *,*,
* *,,,..# *****,*** *,*, ***,###
*,,,,,,,* *,*,
****,******,***,*,* *,,,


You could see an iguana and an orc priest.

Vanquished Creatures
  A centaur (D:4)
  2 orc wizards (D:4)
  2 hounds (D:4)
  Jessica (D:3)
  2 worker ants (D:4)
  A hound skeleton (D:4)
  Robin (D:3)
  An adder (D:2)
  A worm (D:4)
  A dart slug (D:1)
  5 orcs (D:4)
  A giant cockroach (D:2)
  20 goblins
  12 hobgoblins
  2 kobolds
  2 bats (D:2)
  4 frilled lizards
  9 rats
68 creatures vanquished.

Vanquished Creatures (others)
  An orc priest (D:4)
  An orc (D:4)
2 creatures vanquished.

Grand Total: 70 creatures vanquished

Notes
Turn   | Place    | Note
-------+----------+-------------------------------------------
     0 | D:1      | wilfster70 the Hill Orc Monk began the quest for the Orb.
     0 | D:1      | Reached XP level 1. HP: 19/19 MP: 1/1
    48 | D:1      | Reached XP level 2. HP: 13/27 MP: 2/2
   793 | D:1      | Reached skill level 5 in Axes
   848 | D:1      | Reached XP level 3. HP: 31/33 MP: 3/3
  2148 | D:3      | Noticed Robin
  2181 | D:3      | Reached XP level 4. HP: 27/40 MP: 4/4
  2194 | D:3      | Killed Robin
  2466 | D:3      | Noticed Jessica
  2482 | D:3      | Killed Jessica
  2482 | D:3      | Reached skill level 6 in Axes
  2482 | D:3      | Reached skill level 1 in Shields
  2763 | D:4      | Reached XP level 5. HP: 27/47 MP: 5/5
  3461 | D:4      | Noticed a centaur
  3479 | D:4      | Reached skill level 5 in Fighting
  3479 | D:4      | Reached skill level 7 in Axes
  3479 | D:4      | Reached XP level 6. HP: 30/56 MP: 6/6
  3714 | D:4      | Became a worshipper of Beogh the Brigand
  3714 | D:4      | Reached * piety under Beogh
  3714 | D:4      | Reached ** piety under Beogh
  3750 | D:4      | HP: 1/56 [orc priest/divine providence (13)]
  3763 | D:4      | Killed from afar by an orc priest

Skill      XL: |  1  2  3  4  5 |
---------------+----------------+-----
Fighting       | 4 5 |  5.3
Axes           | 5 6 7 |  7.6
Shields        | 1 2 |  2.8
Dodging        | |  2.4
Stealth        | |  1.5

Action                   |  1- 3 |  4- 6 || total
-------------------------+-------+-------++-------
Melee: Hand axe          |   128 |   170 ||   298
Invok: Smiting           |       |     1 ||     1
       Convert to Beogh  |       |     1 ||     1
  Use: Scroll            |       |     7 ||     7
       Potion            |       |     5 ||     5
 Stab: Sleeping          |     2 |       ||     2
  Eat: Chunk             |     4 |     5 ||     9
Armor: Robe              |     7 |       ||     7
       Ring mail         |    16 |    42 ||    58
Dodge: Dodged            |    45 |    29 ||    74
Block: Large shield      |    43 |   104 ||   147
